 Dungeon Crawl Stone Soup version 0.31.0-11-ge490571c62 (webtiles) character file.

Game seed: 13173599851847831072

1370 qw the Skirmisher (level 8, 0/46 HPs)
             Began as a Deep Elf Hunter on Feb 5, 2024.
             Succumbed to a gnoll sergeant's poison
             ... on level 6 of the Dungeon.
             The game lasted 00:01:27 (4805 turns).

qw the Skirmisher (Deep Elf Hunter)                 Turns: 4805, Time: 00:01:28

Health: 0/46       AC: 10    Str: 10    XL:     8   Next: 38%
Magic:  10/10      EV: 12    Int: 15    God:
Gold:   150        SH:  0    Dex: 18    Spells: 7/7 levels left

rFire   . . .        a - +5 shortbow
rCold   . . .        (shield currently unavailable)
rNeg    . . .        b - +0 ring mail
rPois   .            o - +1 hat
rElec   .            (no cloak)
rCorr   .            (no gloves)
SInv    .            c - +3 pair of seven-league boots {Rampage+∞}
Will    .....        (no amulet)
Stlth   +            (no ring)
HPRegen 0.27/turn    (no ring)
MPRegen 0.12/turn

%: rampage+inf
@: lethally poisoned (0 -> -9)
A: no striking features
a: no special abilities


You were on level 6 of the Dungeon.
You visited 1 branch of the dungeon, and saw 6 of its levels.

You collected 270 gold pieces.
You spent 120 gold pieces at shops.


   Skills:
 - Level 3.0 Fighting
 + Level 13.0 Ranged Weapons
 - Level 1.0 Armour
 - Level 4.1 Dodging
 - Level 1.2 Stealth


You had 7 spell levels left.
You didn't know any spells.
Your spell library was empty.

Inventory:

Hand Weapons
 a - a +5 shortbow (weapon)
Armour
 b - a +0 ring mail (worn)
 c - the +3 pair of seven-league boots (worn) {Rampage+∞}
   (You acquired it on level 3 of the Dungeon)

   Rampage+∞: When moving toward enemies, its wearer moves as far as possible,
   alerting their target en route.
 o - a +1 hat (worn)
Wands
 l - a wand of flame (15)
Scrolls
 i - a scroll of identify
Potions
 d - a potion of cancellation {unknown}
 f - a potion of haste
 g - a potion of brilliance {unknown}
 h - 2 potions of curing
 k - a potion of mutation
 m - a potion of might

Dungeon Overview and Level Annotations

Branches:
Dungeon (6/15)
 Temple: D:4-7

Altars:
Cheibriados
Dithmenos
Kikubaaqudgha
Nemelex Xobeh
Vehumet
Yredelemnul
Zin

Shops:
D:1 =   D:2 *   D:3 ?


Message History

You hear a shout!
You shoot an arrow. The arrow closely misses the orc.
The orc hits you but does no damage.
You shoot an arrow. The arrow hits the orc!
You kill the orc!
You hear a shout! x2
A gnoll sergeant comes into view. It is wielding a +2 spear of venom.
You shoot an arrow. The gnoll sergeant blocks the arrow.
The gnoll sergeant closely misses you.
You shoot an arrow.
The arrow closely misses the gnoll sergeant.
The gnoll sergeant hits you with a +2 spear of venom!
You are poisoned.
You shoot an arrow. The arrow hits the gnoll sergeant.
The gnoll sergeant is moderately wounded.
You feel sick.
An orc comes into view.
It is wielding a +0 mace and carrying a wand of flame.
The gnoll sergeant barely misses you.
You shoot an arrow. The arrow hits the gnoll sergeant!
The gnoll sergeant is severely wounded.
You feel sick. The orc hits you with a +0 mace.
The gnoll sergeant barely misses you.
You shoot an arrow. The gnoll sergeant blocks the arrow.
You feel sick.
You shoot an arrow. The gnoll sergeant blocks the arrow.
You feel sick. The gnoll sergeant closely misses you.
The orc zaps a wand.
The puff of flame hits you.
You shoot an arrow. The gnoll sergeant blocks the arrow.
You feel sick.
An orc wizard comes into view. It is wielding a +0 dagger.
The gnoll sergeant closely misses you.
You shoot an arrow. The arrow hits the gnoll sergeant.
The gnoll sergeant is severely wounded.
You feel sick. The orc hits you but does no damage.
The orc wizard barely misses you.
The gnoll sergeant hits you with a +2 spear of venom.
You are lethally poisoned!
You shoot an arrow. The arrow hits the gnoll sergeant.
The gnoll sergeant is almost dead.
You die...

##.# #.# #.# #.# #.#
#.# #.#####.# #
#...%..<# #. #..######
###.####..### ###
#...oo......########..
..#@##.......%.....#
##g..##.########..
#¤#####.# ##. #¤## #.#
#. #¤ #.# #. #D #.# #.
#J #.# #. #f #.# #. #g
#.# #.


You could see a gnoll sergeant, an orc wizard and an orc.

Vanquished Creatures
  Grinder (D:5)
  A steam dragon (D:6)
  An ice beast (D:5)
  3 ogres
  2 scorpions (D:5)
  2 bombardier beetles
  A jelly (D:6)
  An orc priest (D:6)
  2 hounds
  Terence (D:2)
  3 sleepcaps
  2 iguanas
  2 orc wizards
  A scorpion zombie (D:4)
  A howler monkey zombie (D:4)
  3 gnolls (D:6)
  7 adders
  A white imp (D:5)
  4 ribbon worms
  A dart slug (D:2)
  6 orcs
  7 ball pythons
  2 endoplasms (D:1)
  A giant cockroach (D:1)
  3 goblins
  9 hobgoblins
  7 jackals
  3 kobolds
  3 quokkas
  4 bats
  5 frilled lizards
  5 rats
95 creatures vanquished.

Vanquished Creatures (others)
  A gnoll (D:6)
  An orc (D:6)
2 creatures vanquished.

Grand Total: 97 creatures vanquished

Notes
Turn   | Place    | Note
-------+----------+-------------------------------------------
     0 | D:1      | qw the Deep Elf Hunter began the quest for the Orb.
     0 | D:1      | Reached XP level 1. HP: 12/12 MP: 3/3
     0 | D:1      | 0 ||| qw: Version: 0.3-a-160-g6735b56
     0 | D:1      | 0 ||| qw: Game counter: 6453
     0 | D:1      | 0 ||| qw: Melee chars always use a shield: true
     0 | D:1      | 0 ||| qw: God list: Okawaru
     0 | D:1      | 0 ||| qw: Allow faded altars: false
     0 | D:1      | 0 ||| qw: Do Orc after clearing Dungeon:15 true
     0 | D:1      | 0 ||| qw: Do second Lair branch before Depths: true
     0 | D:1      | 0 ||| qw: Lair rune preference: random
     0 | D:1      | 0 ||| qw: Goals: Normal
     0 | D:1      | 0 ||| PLANNING D:1-11
   177 | D:1      | Reached skill level 6 in Ranged Weapons
   177 | D:1      | Reached XP level 2. HP: 16/16 MP: 4/4
   653 | D:1      | Found Timnuhuekk's Jewellery Emporium.
   667 | D:1      | 667 ||| SHOPLISTING +5 ring of evasion (432 gold, have 36).
   667 | D:1      | 667 ||| SHOPLISTING amulet of guardian spirit (360 gold,
                  | have 36).
   667 | D:1      | 667 ||| SHOPLISTING ring of protection from fire (300 gold,
                  | have 36).
   803 | D:1      | 803 ||| UPGRADING to +0 scale mail.
   813 | D:1      | 813 ||| DROPPING +0 leather armour.
   814 | D:1      | 814 ||| READING scroll labelled GOEMORO IXEI.
   815 | D:1      | 815 ||| READING scroll labelled RESEW QAKAI.
   815 | D:1      | 815 ||| ENCHANTING +0 shortbow.
   816 | D:1      | 816 ||| READING 4 scrolls labelled BEUFIE REISM.
   816 | D:1      | 816 ||| ENCHANTING +0 shortbow.
   817 | D:1      | 817 ||| READING 3 scrolls of enchant weapon.
   817 | D:1      | 817 ||| ENCHANTING +1 shortbow.
   818 | D:1      | 818 ||| READING 2 scrolls of enchant weapon.
   818 | D:1      | 818 ||| ENCHANTING +2 shortbow.
   819 | D:1      | 819 ||| READING scroll of enchant weapon.
   819 | D:1      | 819 ||| ENCHANTING +3 shortbow.
   820 | D:1      | 820 ||| READING scroll labelled QODUXTYTAI.
   921 | D:1      | 921 ||| DROPPING scroll of butterflies.
   944 | D:2      | Noticed Terence
   949 | D:2      | Killed Terence
   950 | D:2      | Reached skill level 7 in Ranged Weapons
   950 | D:2      | Reached XP level 3. HP: 14/20 MP: 5/5
  1052 | D:2      | Found Ajoxof's Assorted Antiques.
  1064 | D:2      | 1064 ||| SHOPLISTING lumpy brass amulet (100 gold, have
                  | 92).
  1064 | D:2      | 1064 ||| BUYING scroll labelled ETYNNA JUEMUNO (20 gold).
  1064 | D:2      | Bought a scroll labelled ETYNNA JUEMUNO for 20 gold pieces
  1064 | D:2      | 1064 ||| BUYING scroll labelled YCRUECE KUIBA (20 gold).
  1064 | D:2      | Bought a scroll labelled YCRUECE KUIBA for 20 gold pieces
  1064 | D:2      | 1064 ||| BUYING sedimented green potion (18 gold).
  1064 | D:2      | Bought a sedimented green potion for 18 gold pieces
  1064 | D:2      | 1064 ||| BUYING sedimented green potion (18 gold).
  1064 | D:2      | Bought a sedimented green potion for 18 gold pieces
  1101 | D:2      | Reached XP level 4. HP: 25/25 MP: 6/6
  1652 | D:2      | Reached skill level 8 in Ranged Weapons
  1905 | D:2      | 1905 ||| UPGRADING to +0 ring mail.
  1915 | D:2      | 1915 ||| DROPPING +0 scale mail.
  1916 | D:2      | 1916 ||| UPGRADING to +1 hat.
  1921 | D:2      | 1921 ||| READING scroll labelled ETYNNA JUEMUNO.
  1921 | D:2      | 1921 ||| IDENTIFYING sedimented yellow potion
  1922 | D:2      | 1922 ||| READING scroll labelled YCRUECE KUIBA.
  1923 | D:2      | 1923 ||| READING scroll labelled UMAMMU RIHUJ.
  1924 | D:2      | 1924 ||| READING scroll labelled NER EJY ZAURGH.
  1928 | D:2      | 1928 ||| DRINKING 3 emerald potions.
  1929 | D:2      | 1929 ||| DRINKING 3 sedimented green potions.
  1930 | D:2      | 1930 ||| DROPPING potion of degeneration.
  1983 | D:3      | Found a glowing silver altar of Zin.
  1985 | D:3      | Found a shadowy altar of Dithmenos.
  2031 | D:3      | Found Icoepn's Magic Scroll Shoppe.
  2034 | D:3      | 2034 ||| SHOPLISTING scroll of brand weapon (104 gold, have
                  | 55).
  2034 | D:3      | 2034 ||| BUYING scroll of identify (22 gold).
  2034 | D:3      | Bought a scroll of identify for 22 gold pieces
  2034 | D:3      | 2034 ||| BUYING scroll of identify (22 gold).
  2034 | D:3      | Bought a scroll of identify for 22 gold pieces
  2034 | D:3      | 2034 ||| SHOPLISTING scroll of teleportation (33 gold, have
                  | 11).
  2109 | D:3      | 2109 ||| READING scroll of enchant weapon.
  2109 | D:3      | 2109 ||| ENCHANTING +4 shortbow.
  2134 | D:3      | Found a radiant altar of Vehumet.
  2158 | D:3      | Reached XP level 5. HP: 22/29 MP: 7/7
  2615 | D:3      | 2615 ||| READING 2 scrolls of identify.
  2615 | D:3      | 2615 ||| IDENTIFYING bubbling amethyst potion
  2616 | D:3      | 2616 ||| READING scroll of identify.
  2616 | D:3      | 2616 ||| IDENTIFYING bubbling cyan potion
  2617 | D:3      | 2617 ||| READING scroll labelled FUBROG XOU.
  2617 | D:3      | Identified a scroll of acquirement
  2617 | D:3      | 2617 ||| ACQUIRING +3 pair of seven-league boots
                  | {Rampage+∞}
  2617 | D:3      | Acquired the +3 pair of seven-league boots {Rampage+∞}
  2617 | D:3      | Found the +3 pair of seven-league boots {Rampage+∞}
  2619 | D:3      | 2619 ||| UPGRADING to +3 pair of seven-league boots
                  | {Rampage+∞}.
  2624 | D:3      | 2624 ||| READING scroll labelled SYTSUCISHRE.
  2625 | D:3      | 2625 ||| DRINKING 2 metallic brown potions.
  2659 | D:3      | 2659 ||| DROPPING potion of magic.
  2660 | D:3      | 2660 ||| DROPPING potion of lignification.
  3210 | D:4      | Noticed an ogre
  3216 | D:4      | Killed an ogre
  3217 | D:4      | Reached skill level 9 in Ranged Weapons
  3217 | D:4      | Reached XP level 6. HP: 27/34 MP: 8/8
  3290 | D:4      | Found a snail-covered altar of Cheibriados.
  3290 | D:4      | Found a sparkling altar of Nemelex Xobeh.
  3291 | D:4      | Found an ancient bone altar of Kikubaaqudgha.
  3426 | D:4      | Found a basalt altar of Yredelemnul.
  3729 | D:4      | 3729 ||| READING scroll of identify.
  3729 | D:4      | 3729 ||| IDENTIFYING smoky black potion
  3730 | D:4      | 3730 ||| READING scroll labelled ITUNEO ARHOECK.
  3768 | D:5      | Entered Level 5 of the Dungeon
  3769 | D:5      | 3769 ||| RETREEEEATING.
  3770 | D:5      | 3770 ||| RETREEEEATING.
  3771 | D:5      | 3771 ||| RETREEEEATING.
  3773 | D:5      | 3773 ||| RETREEEEATING.
  3777 | D:5      | Reached skill level 10 in Ranged Weapons
  3782 | D:5      | Reached skill level 3 in Dodging
  3853 | D:5      | Reached skill level 1 in Armour
  3877 | D:5      | Reached XP level 7. HP: 40/40 MP: 9/9
  3881 | D:5      | Reached skill level 11 in Ranged Weapons
  3948 | D:5      | 3948 ||| FLEEEEING.
  3985 | D:5      | Noticed Grinder
  3987 | D:5      | Paralysed by Grinder for 3 turns
  4005 | D:5      | HP: 8/40 [Grinder/nerve-wracking pain (5)]
  4006 | D:5      | 4006 ||| DRINKING 4 potions of heal wounds.
  4008 | D:5      | 4008 ||| DRINKING 3 potions of heal wounds.
  4012 | D:5      | Killed Grinder
  4013 | D:5      | Reached skill level 12 in Ranged Weapons
  4080 | D:5      | Reached XP level 8. HP: 29/45 MP: 10/10
  4368 | D:5      | Reached skill level 3 in Fighting
  4525 | D:5      | 4525 ||| READING scroll of identify.
  4525 | D:5      | 4525 ||| IDENTIFYING green potion
  4742 | D:6      | 4742 ||| Stepping ~*~*~tactically~*~*~ (cloud).
  4758 | D:6      | 4758 ||| Stepping ~*~*~tactically~*~*~ (cloud).
  4759 | D:6      | 4759 ||| Stepping ~*~*~tactically~*~*~ (cloud).
  4774 | D:6      | HP: 11/46 [sleepcap (1)]
  4775 | D:6      | 4775 ||| DRINKING 2 potions of heal wounds.
  4782 | D:6      | HP: 8/46 [orc/+0 flail (4)]
  4783 | D:6      | 4783 ||| DRINKING potion of heal wounds.
  4792 | D:6      | Reached skill level 13 in Ranged Weapons
  4800 | D:6      | HP: 10/46 [orc/+0 mace (4)]
  4804 | D:6      | HP: 2/46 [gnoll sergeant/+2 spear of venom (3)]
  4805 | D:6      | Succumbed to a gnoll sergeant's poison

Levels and vault maps discovered:
D:1:      dpeg_arrival_rooms_a, layout_basic, serial_shops,
          nicolae_shop_gaudy_bauble
D:2:      layout_basic, serial_shops, nicolae_square_shop, st_stairs_6,
          uniq_terence
D:3:      layout_loops_ring, mainiacjoe_overflow_brackets,
          mainiacjoe_overflow_catwalk_spiral, serial_shops,
          nicolae_shop_rolled_up
D:4:      layout_loops_corners, lemuel_zombie_altar_yredelemnul,
          gammafunk_temple_overflow_claw, minmay_misc_feat_chi,
          palyth_stone_intersect, serial_park_tiny_1
D:5:      layout_loops_ring, uniq_grinder
D:6:      layout_loops_ring, minmay_temple_entry_poolview, ebering_ghost_sewer_d

Skill      XL: |  1  2  3  4  5  6  7  8 |
---------------+-------------------------+-----
Ranged Weapons | 6 7 8 9 10 12 13 | 13.0
Fighting       | 2 3 |  3.0
Dodging        | 3 4 |  4.1
Armour         | 1 |  1.0
Stealth        | |  1.2

Action                     |  1- 3 |  4- 6 |  7- 9 || total
---------------------------+-------+-------+-------++-------
   Fire: Shortbow          |    73 |   130 |   122 ||   325
    Use: Scroll            |     7 |    11 |     1 ||    19
         Potion            |       |     3 |     4 ||     7
 Armour: Leather armour    |    11 |       |       ||    11
         Scale mail        |     3 |     6 |       ||     9
         Ring mail         |       |    27 |    56 ||    83
  Dodge: Dodged            |    16 |    21 |    32 ||    69

Table legend:
 A = Non-vault XP
 B = Vault XP
 C = Vault XP percentage of total XP
 D = Non-vault monster count
 E = Vault monster count
 F = Vault count percentage of total count
                 A         B        C        D         E       F
            +---------+---------+-------+---------+---------+-------
      Total |    1578 |     380 |  19.4 |      89 |       7 |   7.3
            +---------+---------+-------+---------+---------+-------
        D:1 |      40 |       0 |   0.0 |      24 |       0 |   0.0
        D:2 |      82 |      43 |  34.4 |      12 |       4 |  25.0
        D:3 |      48 |       0 |   0.0 |      11 |       0 |   0.0
        D:4 |     218 |      51 |  19.0 |      13 |       2 |  13.3
        D:5 |     742 |     286 |  27.8 |      15 |       1 |   6.2
        D:6 |     448 |       0 |   0.0 |      14 |       0 |   0.0
            +---------+---------+-------+---------+---------+-------
